 Dungeon Crawl Stone Soup version 0.31-a0-1336-g7fd7ca34b5 (webtiles) character file.

Game seed: 244729256807223180

708 Flugkiller the Fighter (level 7, -17/83 HPs)
             Began as an Oni Chaos Knight on Dec 21, 2023.
             Was a Plaything of Xom.
             Demolished by a warg (18 damage)
             ... on level 4 of the Dungeon.
             The game lasted 00:03:35 (3022 turns).

Flugkiller the Fighter (Oni Chaos Knight)           Turns: 3022, Time: 00:03:35

Health: -17/83     AC:  5    Str: 19    XL:     7   Next: 67%
Magic:  7/7        EV:  9    Int: 13    God:    Xom [*.....]
Gold:   131        SH:  0    Dex:  8    Spells: 6/6 levels left

rFire   . . .        m - +0 flail
rCold   . . .        (no shield)
rNeg    . . .        b - +2 robe
rPois   .            (helmet restricted)
rElec   .            (no cloak)
rCorr   .            (gloves unavailable)
SInv    .            (boots unavailable)
Will    .....        (no amulet)
Stlth   +            (no ring)
HPRegen 0.33/turn    (no ring)
MPRegen 0.10/turn

%: no passive effects
@: mighty
A: drunken brawling, large, unfitting armour, horns 1, tough skin 1, double
potion healing, wild magic 1, MP-powered wands
a: Renounce Religion


You were on level 4 of the Dungeon.
You worshipped Xom.
You were a special plaything of Xom.
You visited 1 branch of the dungeon, and saw 4 of its levels.

You collected 131 gold pieces.

Inventory:

Hand Weapons
 m - a +0 flail (weapon)
   (You took it off an orc on level 3 of the Dungeon)
Missiles
 i - a throwing net
Armour
 b - a +2 robe (worn)
Scrolls
 e - a scroll of immolation {unknown}
 g - a scroll of silence {unknown}
 t - 2 scrolls of teleportation
Potions
 a - a potion of haste {unknown}
 j - a potion of berserk rage {unknown}


   Skills:
 + Level 9.2 Fighting
 - Level 6.0 Maces & Flails
 - Level 2.1 Dodging


You had 6 spell levels left.
You didn't know any spells.
Your spell library contained the following spells:

 Spells                   Type           Power      Damage    Failure   Level
 Jinxbite                 Hex            0%         N/A       52%         2
 Tukima's Dance           Hex            0%         N/A       75%         3
 Passage of Golubria      Tloc           0%         N/A       98%         4
 Yara's Violent Unravell  Hex/Alch       0%         3d3       100%        5
 Enfeeble                 Hex            0%         N/A       100%        7


Dungeon Overview and Level Annotations

Branches:
Dungeon (4/15) Zot: 20946
 Temple: D:4-7

Altars:
Sif Muna


Innate Abilities, Weirdness & Mutations

Whenever you drink a potion that restores your health or magic, you attack all enemies around you.
You are too large for most types of armour.
You have a pair of small horns on your head.
You have tough skin. (AC +1)
Whenever you drink a potion that restores your health or magic, it restores twice as much.
Your spells are a little harder to cast, but a little more powerful.
You expend magic power (3 MP) to strengthen your wands.


Message History

The iguana is almost dead.
The iguana barely misses you.
You closely miss the iguana. Your headbutt misses the iguana.
The iguana is almost dead.
The iguana barely misses you.
You hit the iguana but do no damage.
The iguana is almost dead.
The iguana bites you but does no damage.
You hit the iguana.
You kill the iguana!
You now have 131 gold pieces (gained 3).
You see here an iguana corpse.
r - a scroll of identify
As you read the scroll of identify, it crumbles to dust.
f - a scroll of fear Unknown command.
A gnoll bouda is nearby!
A gnoll bouda is nearby!
A gnoll bouda is nearby!
The gnoll bouda barks out a call to the hunt!
You hear a shout! x2
The gnoll shouts!
You hear a shout!
The gnoll shouts!
The gnoll bouda hits you with a +0 club.
You barely miss the gnoll bouda.
The gnoll bouda hits you but does no damage.
You hit the gnoll bouda. Your headbutt misses the gnoll bouda.
You punch the gnoll bouda.
The gnoll bouda is lightly wounded.
The gnoll bouda gazes fiercely through you!
You feel your attacks grow feeble.
The gnoll bouda hits you with a +0 club.
The gnoll hits you with a +0 club.
You barely miss the gnoll bouda. You headbutt the gnoll bouda.
The gnoll bouda is moderately wounded.
The gnoll bouda closely misses you. The gnoll closely misses you.
The gnoll hits you but does no damage.
You hit the gnoll bouda but do no damage.
You headbutt the gnoll bouda, but do no damage.
The gnoll bouda is moderately wounded.
The gnoll bouda closely misses you.
The gnoll hits you from afar with a +0 halberd!
The gnoll misses you. The gnoll barely misses you.
The gnoll bouda hits you with a +0 club.
The gnoll barely misses you. The gnoll attacks as it pursues you!
The gnoll hits you with a +0 club. "Hum-dee-hum-dee-hum..."
The gnoll bouda evaporates and reforms as a warg!
The gnoll attacks as it pursues you! The gnoll hits you with a +0 whip.
You see here an iguana corpse.
You hear Xom's avuncular chuckle.
The warg suddenly seems more agile.
The gnoll completely misses you.
Your attacks no longer feel as feeble.
You see here a scorpion corpse.
The gnoll is no longer moving quickly.
You feel very mighty all of a sudden. The warg bites you!
You take a swig of the potion and twirl your +0 flail.
You sock the warg!
The warg is moderately wounded.
You savour every drop.
You feel much better.
The gnoll is no longer moving quickly.
The warg bites you.
You hit the warg.
The warg is heavily wounded.
The warg bites you!! The warg bites you.
You closely miss the warg.
The warg is heavily wounded.
The warg bites you!!
You are too injured to fight recklessly!
You are too injured to fight recklessly!
You are too injured to fight recklessly!
You miss the warg.
The warg is heavily wounded.
The gnoll is no longer moving quickly.
The warg closely misses you. The warg bites you!
* * * LOW HITPOINT WARNING * * *
You take a swig of the potion and twirl your +0 flail.
You miss the warg.
The warg is heavily wounded.
You savour every drop.
You feel much better. The warg bites you!!
* * * LOW HITPOINT WARNING * * *
The warg bites you!
* * * LOW HITPOINT WARNING * * *
Okay, then.
As you read the scroll of fear, it crumbles to dust.
You assume a fearsome visage.
The warg resists with some effort.
The gnoll looks frightened! x2; The warg bites you but does no damage.
You miss the warg.
The warg is heavily wounded.
The warg bites you!
* * * LOW HITPOINT WARNING * * *
The warg closely misses you.
Okay, then.
As you read the scroll of butterflies, it crumbles to dust.
You hear the flapping of tiny wings.
The gnoll is knocked back by the sudden gust.
The warg is knocked back by the sudden gust.
The warg bites you!!
You die...
Xom laughs nastily!

..#.............##...
..........##._.......
.........).#.........
#......[<.#.......##
#bb##.......P.###### ...#
####b #b#.....P....###
....###...b##b..##..P....##.
#........ #bb##.....P.......
...... #.##@b###............
......##gbh##bb#............
.......###b##.#b....P......g
#......#..g...#.#...P.......
#.......##.###.#...........
#......g.### ......P.......
#.......†####...#..........
#....#...h.)....# .......
#.....##..g........ .......


You could see a warg (agile, ally target) and 3 gnolls.

Vanquished Creatures
  Sigmund (D:2)
  Duvessa (D:4)
  2 scorpions (D:4)
  Dowan (D:4)
  An iguana (D:4)
  An orc wizard (D:3)
  4 adders
  A worm (D:3)
  3 dart slugs
  10 orcs
  7 ball pythons
  9 endoplasms
  3 giant cockroaches
  4 goblins
  11 hobgoblins
  4 jackals (D:2)
  5 quokkas
  11 bats
  5 frilled lizards
  4 kobolds
  4 rats
92 creatures vanquished.

Vanquished Creatures (collateral kills)
  An ogre (D:4)
1 creature vanquished.

Grand Total: 93 creatures vanquished

Notes
Turn   | Place    | Note
-------+----------+-------------------------------------------
     0 | D:1      | Flugkiller the Oni Chaos Knight began the quest for the
                  | Orb.
     0 | D:1      | Reached XP level 1. HP: 24/24 MP: 1/1
    54 | D:1      | Gained mutation: Whenever you drink a potion that restores
                  | your health or magic, it restores twice as much. [Oni
                  | growth]
    54 | D:1      | Gained mutation: You have a pair of small horns on your
                  | head. [Oni growth]
    54 | D:1      | Gained mutation: You have tough skin. (AC +1) [Oni growth]
    54 | D:1      | Reached XP level 2. HP: 20/33 MP: 2/2
   175 | D:1      | Reached skill level 5 in Fighting
   242 | D:1      | Found a faded altar of an unknown god.
   390 | D:1      | Reached XP level 3. HP: 42/42 MP: 3/3
   444 | D:1      | XOM: cloud trail
   658 | D:2      | Reached skill level 6 in Fighting
   906 | D:2      | XOM: 1-stop teleportation journey
   979 | D:2      | Noticed Sigmund
   981 | D:2      | Gained mutation: You expend magic power (3 MP) to
                  | strengthen your wands. [potion of mutation]
   981 | D:2      | Gained mutation: You are clumsy. (Dex -2) [potion of
                  | mutation]
   981 | D:2      | Lost mutation: You are clumsy. (Dex -2) [potion of
                  | mutation]
   981 | D:2      | Gained mutation: Your spells are a little harder to cast,
                  | but a little more powerful. [potion of mutation]
  1093 | D:3      | Reached XP level 4. HP: 52/52 MP: 4/4
  1201 | D:3      | XOM: silly message
  1349 | D:3      | XOM: cast spell 'Cause Fear'
  1925 | D:2      | Reached XP level 5. HP: 61/61 MP: 5/5
  2097 | D:2      | Killed Sigmund
  2098 | D:2      | Reached skill level 7 in Fighting
  2098 | D:2      | Reached XP level 6. HP: 42/72 MP: 6/6
  2396 | D:4      | Found a shimmering blue altar of Sif Muna.
  2402 | D:4      | Reached skill level 8 in Fighting
  2532 | D:4      | Reached skill level 5 in Maces & Flails
  2651 | D:4      | Noticed Duvessa
  2663 | D:4      | Noticed Dowan
  2670 | D:4      | Killed Duvessa
  2671 | D:4      | Reached XP level 7. HP: 75/81 MP: 7/7
  2673 | D:4      | XOM: summons 3 friendly demons
  2675 | D:4      | Killed Dowan
  2695 | D:4      | XOM: blink monster(s)
  2918 | D:4      | Reached skill level 9 in Fighting
  3007 | D:4      | a gnoll bouda changed into a warg
  3007 | D:4      | Noticed a warg
  3007 | D:4      | XOM: polymorph gnoll bouda -> warg
  3009 | D:4      | XOM: enchant monster (bad)
  3021 | D:4      | HP: 1/83 [warg (12)]
  3022 | D:4      | Demolished by a warg

Illustrated notes

Levels and vault maps discovered:
D:1:      evilmike_arrival_hilbert_curve, layout_rooms,
          shapermc_ecumenical_altar_hornbeckon
D:2:      layout_basic, uniq_sigmund
D:3:      layout_loops_cross
D:4:      layout_cave_pools, mainiacjoe_overflow_boulevard, st_stairs_7,
          chequers_serial_rivers_small_3, amcnicky_mini_rare_corridor_liquid,
          minmay_quantized, uniq_duvessa, uniq_ijyb

Skill      XL: |  1  2  3  4  5  6  7 |
---------------+----------------------+-----
Fighting       | 5 6 7 8 9 |  9.2
Maces & Flails | 4 5 6 |  6.0
Dodging        | |  2.1

Action                     |  1- 3 |  4- 6 |  7- 9 || total
---------------------------+-------+-------+-------++-------
  Melee: Mace              |    23 |       |       ||    23
         Whip              |   102 |    34 |       ||   136
         Headbutt          |    18 |    25 |     8 ||    51
         Punch             |     2 |     1 |     1 ||     4
         Quarterstaff      |       |    37 |       ||    37
         Flail             |       |    98 |    36 ||   134
    Use: Scroll            |     1 |     2 |     3 ||     6
         Potion            |     1 |     3 |     3 ||     7
 Armour: Robe              |    88 |   113 |    43 ||   244
         Skin              |       |     9 |       ||     9
  Dodge: Dodged            |    67 |    83 |    21 ||   171

Table legend: (Time is in decaauts)
 A = Elapsed time spent in this place.
 B = Non-inter-level travel time spent in this place.
 C = Inter-level travel time spent in this place.
 D = Time resting spent in this place.
 E = Time spent auto-exploring this place.
 F = Levels seen in this place.
 G = Mean time per level.
                   A        B        C        D        E       F      G
               +--------+--------+--------+--------+--------+-----+--------+
         Total |   3052 |   2954 |     98 |    762 |   1417 |   4 |  763.0 |
       Dungeon |   3052 |   2954 |     98 |    762 |   1417 |   4 |  763.0 |
               +--------+--------+--------+--------+--------+-----+--------+

Top non-repeatable levels by time:
     D:3: 1111 daAuts
     D:2: 1033 daAuts
     D:1: 593 daAuts
     D:4: 314 daAuts
